 Dungeon Crawl Stone Soup version 0.23.2-33-g5129a83184 (webtiles) character file.

Game seed: 6149175082009927534

8478 doot the Destroyer (level 11, -3/74 HPs)
             Began as a Tengu Fire Elementalist on July 1, 2019.
             Was a Priest of Vehumet.
             Slain by a hippogriff (5 damage)
             ... on level 14 of the Dungeon.
             The game lasted 00:29:17 (12730 turns).

doot the Destroyer (Tengu Fire Elementalist)       Turns: 12730, Time: 00:29:18

Health: -3/74      AC:  5    Str:  9    XL:     11   Next: 31%
Magic:  23/23      EV: 18    Int: 20    God:    Vehumet [***...]
Gold:   525        SH:  0    Dex: 15    Spells: 9/25 levels left

rFire    + . .     SeeInvis .   K - staff of fire
rCold    . . .     Gourm    .   (no shield)
rNeg     + . .     Faith    .   a - +0 robe
rPois    .         Spirit   .   (helmet restricted)
rElec    .         Reflect  .   A - +0 cloak
rCorr    +         Harm     .   m - +2 pair of gloves
MR       .....                  (boots unavailable)
Stlth    +++.......             H - amulet of Vitality {Regen+ HP+15}
HPRegen  0.62/turn              f - ring of positive energy
MPRegen  0.18/turn              O - ring of resist corrosion

@: flying quickly and evasively, quick
A: beak, talons 3, clever 1, deformed body, able to fly
a: Stop Flying, Renounce Religion


You were on level 14 of the Dungeon.
You worshipped Vehumet.
Vehumet was most pleased with you.
You were not hungry.

You visited 2 branches of the dungeon, and saw 13 of its levels.

You collected 629 gold pieces.
You spent 104 gold pieces at shops.

Inventory:

Hand Weapons
 J - a +8 flail of crushing
Missiles
 w - a throwing net (quivered)
Armour
 a - a +0 robe (worn)
 g - a +0 pair of gloves
 m - a +2 pair of gloves (worn)
 y - a cursed -1 ring mail
 A - a +0 cloak (worn)
Magical Staves
 i - an uncursed staff of power
 K - an uncursed staff of fire (weapon)
Jewellery
 d - an uncursed amulet of guardian spirit
 f - a ring of positive energy (left hand)
 H - the amulet of Vitality (around neck) {Regen+ HP+15}
   (You found it on level 8 of the Dungeon)

   [amulet of regeneration]

   It affects your health (+15).
   It increases your rate of regeneration.
 O - a ring of resist corrosion (right hand)
Wands
 l - a wand of iceblast (11)
 x - a wand of flame (53)
 D - a wand of acid (7)
 I - a wand of digging (6)
 M - a wand of clouds (3)
Scrolls
 b - 4 scrolls of blinking {unknown}
 e - 2 scrolls of magic mapping {unknown}
 h - 3 scrolls of immolation {unknown}
 j - 8 scrolls of teleportation
 n - 6 scrolls of remove curse
 o - 5 scrolls of amnesia
 s - a scroll of noise {unknown}
 v - a scroll of enchant armour {unknown}
 z - a scroll of silence {unknown}
 N - 2 scrolls of fog {unknown}
Potions
 k - 2 potions of curing
 p - a potion of ambrosia
 q - a potion of haste
 r - a potion of degeneration {unknown}
 t - a potion of heal wounds {unknown}
 u - 2 potions of lignification
 B - a potion of agility {unknown}
 C - 2 potions of flight {unknown}
 E - a potion of brilliance {unknown}
 F - 2 potions of cancellation
 G - a potion of berserk rage {unknown}
Comestibles
 c - 18 rations
 L - 2 chunks of flesh


   Skills:
 + Level 2.7 Fighting
 + Level 4.5 Staves
 + Level 5.2 Dodging
 + Level 4.4 Stealth
 + Level 0.1 Unarmed Combat
 + Level 7.9 Spellcasting
 * Level 12.9 Conjurations
 + Level 9.4 Fire Magic


You had 9 spell levels left.
You knew the following spells:

 Your Spells              Type           Power        Failure   Level  Hunger
a - Flame Tongue          Conj/Fire      #####        1%          1    None
b - Fireball              Conj/Fire      ######....   1%          5    #####..
c - Conjure Flame         Conj/Fire      ######..     1%          3    None
d - Sticky Flame          Conj/Fire      ######..     1%          4    ###....
e - Mephitic Cloud        Conj/Pois/Air  ####....     1%          3    None

Your spell library contained the following spells:

 Spells                   Type           Power        Failure   Level  Hunger
 Throw Flame              Conj/Fire      ######       1%          2    None
 Inner Flame              Hex/Fire       #####...     1%          3    None
 Summon Small Mammal      Summ           #...         9%          1    None


Dungeon Overview and Level Annotations

Branches:
Dungeon (11/15)            Temple (1/1) D:5            Lair (0/6) D:9
    Orc (0/2) D:9

Altars:
Ashenzari
Cheibriados
Dithmenos
Elyvilon
Fedhas
Gozag
Hepliaklqana
Kikubaaqudgha
Makhleb
Nemelex Xobeh
Okawaru
Qazlal
Ru
Sif Muna
Trog
Uskayaw
Vehumet
Wu Jian
Xom
Yredelemnul
Zin
The Shining One

Shops:
D:9 !


Innate Abilities, Weirdness & Mutations

You have a beak for a mouth.
You have claws for feet.
You can fly continuously.
Your mind is acute. (Int +2)
Armour fits poorly on your strangely shaped body.


Message History

The gargoyle burns!
Something hits you.
The gargoyle hurls a stone arrow at you.
The stone arrow hits something.
Something hits you!
The gargoyle burns!
Something barely misses you.
The gargoyle burns!
You destroy the gargoyle!
Vehumet accepts your kill.
You feel your power returning. Something hits you. Something hits you.
* * * LOW HITPOINT WARNING * * *
The shadow slips into darkness.
The shadow flickers and vanishes!
You reach down and open the gate. 4 humans come into view.
Something hits you!
* * * LOW HITPOINT WARNING * * *
Something hits you!
* * * LOW HITPOINT WARNING * * *
The hippogriff bites you.
You die...

#.........#
#.........# #####
#.........# %...#
#.........# ....+
#.........# p⌠p.+
#.........# p.p.+
#......)..# ....#
#.........##'''####
#.........H@.......
#.....?............
#......)...........
#..................
..................
.................
#################


You could see a hippogriff and 4 humans.

Vanquished Creatures
  A two-headed ogre (D:10)
  A cyclops (D:8)
  A gargoyle (D:14)
  A troll (D:11)
  A hornet (D:10)
  2 hippogriffs (D:8)
  A wraith (D:11)
  3 yaks (D:11)
  A water moccasin (D:10)
  2 black bears (D:8)
  3 ice beasts
  2 phantoms
  A sky beast (D:8)
  A necrophage (D:7)
  3 orc warriors
  6 ogres
  8 centaurs
  4 big kobolds
  7 bullfrogs
  A gnoll sergeant (D:11)
  A water moccasin skeleton (D:8)
  2 scorpions
  A howler monkey (D:4)
  14 wights
  9 crimson imps
  A centaur zombie (D:8)
  A bullfrog zombie (D:6)
  3 hounds
  3 jellies
  2 centaur skeletons
  3 orc priests
  3 iguanas
  7 worker ants
  Natasha (thrice) (D:4)
  10 orc wizards
  3 killer bee zombies
  A worker ant zombie (D:8)
  12 gnolls
  10 adders
  A shadow imp (D:8)
  An ooze (D:1)
  2 adder zombies
  2 adder skeletons
  5 worms
  5 dart slugs
  2 leopard geckos
  31 orcs
  7 bats
  4 giant cockroaches
  6 goblins
  5 hobgoblins
  6 jackals
  4 quokkas
  A ball python (D:3)
  6 frilled lizards
  11 kobolds
  A leopard gecko skeleton (D:9)
  6 rats
245 creatures vanquished.

Notes
Turn   | Place    | Note
-------+----------+-------------------------------------------
     0 | D:1      | doot the Tengu Fire Elementalist began the quest for the
                  | Orb.
     0 | D:1      | Reached XP level 1. HP: 10/10 MP: 4/4
   451 | D:1      | Reached XP level 2. HP: 15/15 MP: 4/6
  1259 | D:2      | Reached XP level 3. HP: 17/19 MP: 2/7
  1341 | D:2      | Noticed a bullfrog
  1349 | D:2      | Learned a level 3 spell: Conjure Flame
  1406 | D:2      | Killed a bullfrog
  1406 | D:2      | Reached skill level 2 in Conjurations
  1406 | D:2      | Reached XP level 4. HP: 16/24 MP: 0/9
  1412 | D:2      | Learned a level 4 spell: Sticky Flame
  1846 | D:2      | Gained mutation: You can fly continuously. [Tengu growth]
  1846 | D:2      | Reached XP level 5. HP: 23/28 MP: 0/10
  2030 | D:2      | Reached skill level 3 in Conjurations
  2101 | D:2      | Found a shadowy altar of Dithmenos.
  3325 | D:3      | Reached skill level 4 in Conjurations
  3753 | D:3      | Reached XP level 6. HP: 33/33 MP: 11/11
  4378 | D:4      | Reached skill level 5 in Conjurations
  4448 | D:4      | Reached XP level 7. HP: 37/37 MP: 14/14
  4459 | D:4      | Learned a level 5 spell: Fireball
  4502 | D:4      | Reached skill level 5 in Fire Magic
  5180 | D:4      | Found a hazy altar of Hepliaklqana.
  5235 | D:4      | Noticed Natasha
  5246 | D:4      | Killed Natasha
  5265 | D:4      | Noticed Natasha
  5283 | D:4      | Killed Natasha
  5378 | D:4      | Noticed Natasha
  5385 | D:4      | Reached skill level 6 in Conjurations
  5491 | D:4      | Killed Natasha
  5536 | D:5      | Entered Level 5 of the Dungeon
  5556 | D:5      | Gained mutation: Your mind is acute. (Int +2) [potion of
                  | mutation]
  5556 | D:5      | Gained mutation: Your flesh is cold resistant. (rC+)
                  | [potion of mutation]
  5556 | D:5      | Gained mutation: You evolve. [potion of mutation]
  5688 | D:5      | Found a snail-covered altar of Cheibriados.
  5698 | D:5      | Found a staircase to the Ecumenical Temple.
  5714 | Temple   | Entered the Ecumenical Temple
  5763 | Temple   | Became a worshipper of Vehumet
  6055 | D:5      | Reached XP level 8. HP: 39/42 MP: 16/16
  6071 | D:5      | Reached skill level 7 in Conjurations
  6178 | D:5      | Found a basalt altar of Yredelemnul.
  6775 | D:6      | Found a blossoming altar of Fedhas.
  6912 | D:6      | Reached skill level 5 in Spellcasting
  7008 | D:6      | Reached skill level 1 in Fighting
  7049 | D:6      | Reached skill level 1 in Staves
  7172 | D:6      | Found an ornate altar of the Wu Jian Council.
  7489 | D:6      | Reached skill level 8 in Conjurations
  7554 | D:6      | Reached * piety under Vehumet
  7554 | D:6      | Offered knowledge of Shock by Vehumet.
  7710 | D:6      | Reached XP level 9. HP: 44/47 MP: 18/18
  8031 | D:7      | Found a burning altar of Makhleb.
  8316 | D:7      | Reached skill level 9 in Conjurations
  8334 | D:7      | Gained mutation: Your body sometimes deteriorates upon
                  | taking damage. [evolution]
  8335 | D:7      | Lost mutation: You evolve. [potion of mutation]
  8335 | D:7      | Lost mutation: Your body sometimes deteriorates upon taking
                  | damage. [potion of mutation]
  8335 | D:7      | Lost mutation: Your mind is acute. (Int +2) [potion of
                  | mutation]
  8335 | D:7      | Lost mutation: Your flesh is cold resistant. (rC+) [potion
                  | of mutation]
  8335 | D:7      | Gained mutation: Armour fits poorly on your strangely
                  | shaped body. [potion of mutation]
  8335 | D:7      | Gained mutation: Your mind is acute. (Int +2) [potion of
                  | mutation]
  8701 | D:8      | Found an opulent altar of Gozag.
  8969 | D:8      | Reached skill level 10 in Conjurations
  8977 | D:8      | Found a burning altar of Makhleb.
  9185 | D:8      | Reached XP level 10. HP: 47/53 MP: 20/20
  9215 | D:8      | Noticed a cyclops
  9226 | D:8      | Killed a cyclops
  9392 | D:8      | Reached ** piety under Vehumet
  9392 | D:8      | Offered knowledge of Magic Dart by Vehumet.
  9396 | D:8      | Found the amulet of Vitality {Regen+ HP+15}
  9414 | D:8      | Reached skill level 11 in Conjurations
 10051 | D:9      | Found Mofrut's Distillery.
 10059 | D:9      | Bought a potion of cancellation for 104 gold pieces
 10240 | D:9      | Found a staircase to the Lair.
 10240 | D:9      | Found a staircase to the Orcish Mines.
 10289 | D:9      | Offered knowledge of Throw Frost by Vehumet.
 10405 | D:9      | Found a deep blue altar of Sif Muna.
 10439 | D:9      | Identified Sif Muna's Catalogue of the Escort
 10777 | D:10     | Entered Level 10 of the Dungeon
 10887 | D:10     | Noticed a two-headed ogre
 10905 | D:10     | Killed a two-headed ogre
 11020 | D:10     | Reached skill level 12 in Conjurations
 11366 | D:10     | Reached *** piety under Vehumet
 12056 | D:10     | Reached skill level 5 in Dodging
 12153 | D:11     | Reached XP level 11. HP: 58/58 MP: 16/23
 12468 | D:11     | Offered knowledge of Mephitic Cloud by Vehumet.
 12558 | D:11     | Learned a level 3 spell: Mephitic Cloud
 12719 | D:11     | You are sucked into a shaft for 3 floors!
 12730 | D:14     | HP: 2/74 [something (10)]
 12730 | D:14     | Slain by a hippogriff

Skill      XL: |  1  2  3  4  5  6  7  8  9 10 |
---------------+-------------------------------+-----
Conjurations   | 2 4 5 6 8 10 12 | 12.9
Fire Magic     | 4 5 6 7 9 |  9.4
Spellcasting   | 3 4 5 6 7 |  7.9
Dodging        | 3 4 5 |  5.2
Stealth        | 3 4 |  4.4
Fighting       | 1 2 |  2.7
Staves         | 2 3 4 |  4.5
Unarmed Combat | |  0.1

Action                   |  1- 3 |  4- 6 |  7- 9 | 10-12 || total
-------------------------+-------+-------+-------+-------++-------
Melee: Unarmed           |     7 |       |       |       ||     7
       Kick              |     1 |       |    40 |    44 ||    85
       Staff             |       |     2 |   184 |   201 ||   387
       Peck              |       |       |    26 |    26 ||    52
Throw: Throwing net      |       |       |     1 |       ||     1
 Cast: Flame Tongue      |    42 |   103 |   174 |   168 ||   487
       Conjure Flame     |     1 |     4 |    20 |    10 ||    35
       Sticky Flame      |       |    15 |    24 |    38 ||    77
       Fireball          |       |       |       |     1 ||     1
       Mephitic Cloud    |       |       |       |     1 ||     1
 Abil: Fly               |       |     1 |       |       ||     1
  Use: Scroll            |       |     5 |     1 |     3 ||     9
       Potion            |       |     1 |     2 |       ||     3
 Stab: Sleeping          |       |       |     1 |     1 ||     2
  Eat: Chunk             |     2 |    15 |    18 |     9 ||    44
       Ration            |       |       |       |     2 ||     2
Armor: Robe              |     6 |    15 |    50 |    45 ||   116
Dodge: Dodged            |    18 |    49 |   172 |   195 ||   434
